 Dungeon Crawl Stone Soup version 0.27-a0-1232-gc6a4cbde82 (webtiles) character file.

Game seed: 9253489889491961848

2 HoaS the Twirler (level 1, -1/12 HPs)
             Began as a Gargoyle Gladiator on June 8, 2021.
             Slain by a hobgoblin
             ... wielding a +0 mace
              (4 damage)
             ... on level 1 of the Dungeon.
             The game lasted 00:00:45 (182 turns).

HoaS the Twirler (Gargoyle Gladiator)                Turns: 182, Time: 00:00:45

Health: -1/12      AC:  7    Str: 17    XL:     1   Next: 30%
Magic:  1/1        EV: 12    Int:  8    God:
Gold:   0          SH:  0    Dex: 11    Spells: 0/0 levels left

rFire    . . .     SeeInvis .   a - +0 quarterstaff
rCold    . . .     Faith    .   (shield currently unavailable)
rNeg     + . .     Spirit   .   b - +0 leather armour
rPois    ∞         Reflect  .   c - +0 helmet
rElec    +         Harm     .   f - +0 cloak
rCorr    .         Rampage  .   (no gloves)
Will     .....                  (no boots)
Stlth    +.........             (no amulet)
HPRegen  0.04/turn              (no ring)
MPRegen  0.07/turn              (no ring)

@: no status effects
A: sickness immunity, AC +2, negative energy resistance 1, electricity
resistance, torment resistance 1, petrification resistance
a: no special abilities


You were on level 1 of the Dungeon.
You visited 1 branch of the dungeon, and saw 1 of its levels.

Inventory:

Hand Weapons
 a - a +0 quarterstaff (weapon)
Missiles
 d - 3 throwing nets (quivered)
Armour
 b - a +0 leather armour (worn)
 c - a +0 helmet (worn)
 f - a +0 cloak (worn)
Potions
 e - a potion of curing {unknown}


   Skills:
 - Level 2.1 Fighting
 * Level 3.1 Staves
 - Level 1.7 Throwing
 - Level 2.4 Dodging


You couldn't memorise any spells.
You didn't know any spells.
Your spell library was empty.

Dungeon Overview and Level Annotations

Branches:
Dungeon (1/15)

Altars:


Innate Abilities, Weirdness & Mutations

You are immune to sickness and miasma.
Your stone body is resilient. (AC +2)
You are immune to poison.
You resist negative energy. (rN+)
You are resistant to electric shocks. (rElec)
You are resistant to unholy torment.
You are immune to petrification.


Message History

You start resting.
HP restored.
You see here a +0 dagger.
You see here a +0 cloak.
f - a +0 cloak You start putting on your armour.
You continue putting on your +0 cloak. x4
You finish putting on your +0 cloak.
A kobold comes into view. It is wielding a +0 club.
The kobold shouts!
You see here 7 gold pieces.
A kobold is nearby!
A hobgoblin comes into view. It is wielding a +0 mace.
The hobgoblin shouts!
The kobold throws a stone.
The stone misses you.
Found a dagger.
Found a faded altar of an unknown god.
A frilled lizard comes into view.
The frilled lizard hisses angrily.
Found a glowing sapphire potion.
You closely miss the kobold. The kobold hits you but does no damage.
The kobold throws a stone.
The stone barely misses you. The hobgoblin closely misses you.
The frilled lizard hisses.
You see here a +0 dagger.
You closely miss the hobgoblin. The hobgoblin closely misses you.
You hit the hobgoblin.
The hobgoblin is moderately wounded.
The hobgoblin barely misses you.
You completely miss the hobgoblin.
The hobgoblin is moderately wounded.
The hobgoblin hits you with a +0 mace.
You hit the hobgoblin.
The hobgoblin is heavily wounded.
The hobgoblin hits you with a +0 mace!
Ouch! That really hurt!
* * * LOW HITPOINT WARNING * * *
The hobgoblin hits you but does no damage.
Your leather armour prevents you from hitting the hobgoblin.
The hobgoblin is heavily wounded.
The hobgoblin hits you with a +0 mace.
You die...

#.#..# ##....#
##.#..# ##.<.# #.
..... ##...## ###.
#.#.## #..#.#
###...##....#
##..#.#
....#.##....#
#..#..# #........#
##.##..#
#........###..#..##
#........Kg@....##
##..$$....l###.###
#..........# ###
#..........#
#.#...........
#...........##
#............#
..............#
!.....#####.#..##


You could see a hobgoblin, a kobold and a frilled lizard.

Vanquished Creatures
  A quokka (D:1)
  A kobold (D:1)
2 creatures vanquished.

Notes
Turn   | Place    | Note
-------+----------+-------------------------------------------
     0 | D:1      | HoaS the Gargoyle Gladiator began the quest for the Orb.
     0 | D:1      | Reached XP level 1. HP: 12/12 MP: 1/1
   166 | D:1      | Found a faded altar of an unknown god.
   182 | D:1      | Slain by a hobgoblin

Illustrated notes

Levels and vault maps discovered:
D:1:      dpeg_arrival_round_c, layout_rooms,
          ebering_ecumenical_altar_sacrificial

Action                   || total
-------------------------++-------
Melee: Quarterstaff      ||    16
Armor: Leather armour    ||     6
Dodge: Dodged            ||     8

Table legend: (Time is in decaauts)
 A = Elapsed time spent in this place.
 B = Non-inter-level travel time spent in this place.
 C = Inter-level travel time spent in this place.
 D = Time resting spent in this place.
 E = Time spent auto-exploring this place.
 F = Levels seen in this place.
 G = Mean time per level.
                   A        B        C        D        E       F      G
               +--------+--------+--------+--------+--------+-----+--------+
         Total |    184 |    184 |      0 |     91 |     34 |   1 |  184.0 |
       Dungeon |    184 |    184 |      0 |     91 |     34 |   1 |  184.0 |
               +--------+--------+--------+--------+--------+-----+--------+

Top non-repeatable levels by time:
     D:1: 184 daAuts
